Map: Berlingrad LE

Players

Ecrotoss

  • Race: Protoss Protoss

CBagRun - Winner!

  • Race: Zerg Zerg

VOD

Have the link to the VOD?

Description

Time

  • Played on: Dec. 13, 2021, 2:12 a.m.
  • Length: 4:42
Show
View Real Time Build Order
Export as new Build Order

Ecrotoss Protoss 

Build Orders:  

Get SALT Encoding   

  12  0:00  Probe  
  13  0:12  Probe  
  14  0:19  Pylon  
  14  0:25  Probe  
  15  0:37  Probe  
  15  0:38  Assimilator  
  16  0:46  Pylon  
  16  0:49  Probe  
  17  0:53  Pylon  
  17  1:01  Probe  
  18  1:12  Gateway  
  18  1:15  Assimilator  
  18  1:27  Forge  
  18  1:46  Probe  
  19  1:58  Probe  
  19  2:00  Nexus  
  20  2:08  Pylon  
  20  2:10  Probe  
  21  2:19  Cybernetics Core  
  21  2:38  Gateway  
  21  2:40  Gateway  
  21  2:55  Stalker (Chrono Boost)  
  25  3:22  Stalker (Chrono Boost)  
  25  3:24  Zealot (Chrono Boost)  
  25  3:44  Zealot (Chrono Boost)  
  27  3:50  Photon Cannon  
  27  4:01  Zealot (Chrono Boost)  
  29  4:09  Zealot (Chrono Boost)  
Show
View Real Time Build Order
Export as new Build Order

CBagRun Zerg - Winner!

Build Orders: Pool First 

Get SALT Encoding   

  12  0:21  Spawning Pool  
  11  0:23  Drone  
  12  0:30  Overlord  
  12  0:40  Drone  
  12  0:41  Drone  
  14  0:51  Extractor  
  13  0:58  Drone  
  13  0:59  Drone, Extractor  
  14  1:08  Zergling x2  
  15  1:11  Queen  
  17  1:24  Zergling x2  
  18  1:31  Drone  
  19  1:45  Metabolic Boost  
  19  1:51  Zergling x4  
  21  2:04  Overlord  
  21  2:23  Overlord  
  21  2:26  Drone x3  
  24  2:48  Zergling x4  
  26  3:11  Hatchery  
  25  3:20  Zergling x4  
  25  3:21  Zergling x8  
  30  3:54  Zergling x6  
  30  3:55  Zergling x4  
  30  4:25  Zergling x2  
Tags
 
Matchup
PvZ
Opening
Pool First
Replay Pack
re
Add a new tag
Caveats
  • Supply blocks, unpowered buildings, or Contaminate may cause inaccurate times.
  • Supply counts are checked every 10 seconds.